 Dungeon Crawl Stone Soup version 0.26.1-11-gd32895ea62 (webtiles) character file.

Game seed: 16962995004099694816

1198 Zeld the Cruncher (level 8, -1/50 HPs)
             Began as an Octopode Gladiator on May 22, 2021.
             Was an Initiate of Okawaru.
             Slain by a sky beast (3 damage)
             ... on level 6 of the Dungeon.
             The game lasted 00:08:51 (9065 turns).

Zeld the Cruncher (Octopode Gladiator)              Turns: 9065, Time: 00:08:52

Health: -1/50      AC:  1    Str: 15    XL:     8   Next: 44%
Magic:  8/8        EV: 14    Int: 11    God:    Okawaru [......]
Gold:   81         SH:  0    Dex: 13    Spells: 7/7 levels left

rFire    . . .     SeeInvis .   a - +0 quarterstaff
rCold    . . .     Faith    .   (shield currently unavailable)
rNeg     . . .     Spirit   .   b - +0 hat
rPois    .         Reflect  .   (no amulet)
rElec    .         Harm     .   (no ring)
rCorr    .         Rampage  .   (no ring)
Will     .....                  (no ring)
Stlth    ++........             (no ring)
HPRegen  0.16/turn              (no ring)
MPRegen  0.11/turn              (no ring)
                                (no ring)
                                (no ring)

@: marked
A: almost no armour, stealthy swim, amphibious, 8 rings, constrict 8, camouflage
1, gelatinous body 1
a: Renounce Religion


You were on level 6 of the Dungeon.
You worshipped Okawaru.
Okawaru was noncommittal.
You visited 2 branches of the dungeon, and saw 8 of its levels.

You collected 234 gold pieces.
You spent 153 gold pieces at shops.

Inventory:

Hand Weapons
 a - a +0 quarterstaff (weapon)
Missiles
 c - 3 throwing nets
 g - 7 poisoned darts (quivered)
 k - 2 boomerangs of dispersal
 p - 8 boomerangs
Armour
 b - a +0 hat (worn)
Scrolls
 i - a scroll of magic mapping
 j - 2 scrolls of blinking
 m - 4 scrolls of remove curse
 n - 3 scrolls of amnesia
 q - 3 scrolls of teleportation
 r - a scroll of immolation {unknown}
 t - a scroll of enchant armour {unknown}
 u - 2 scrolls of enchant weapon {unknown}
Potions
 d - 2 potions of might {unknown}
 e - 6 potions of flight {unknown}
 f - 2 potions of cancellation {unknown}
 h - 3 potions of curing {unknown}
 l - a potion of heal wounds {unknown}
 o - 3 potions of haste {unknown}
 s - 2 potions of degeneration {unknown}
 v - a potion of lignification {unknown}
 x - a potion of attraction {unknown}
 z - a potion of resistance {unknown}


   Skills:
 - Level 2.0 Fighting
 * Level 10.2 Staves
 - Level 2.0 Throwing
 - Level 3.0 Dodging


You had 7 spell levels left.
You didn't know any spells.
Your spell library was empty.

Dungeon Overview and Level Annotations

Branches:
Dungeon (7/15)             Temple (1/1) D:5

Altars:
Ashenzari
Cheibriados
Dithmenos
Elyvilon
Fedhas
Gozag
Hepliaklqana
Kikubaaqudgha
Makhleb
Nemelex Xobeh
Okawaru
Qazlal
Sif Muna
Trog
Uskayaw
Vehumet
Wu Jian
Xom
Yredelemnul
Zin
The Shining One

Shops:
D:4 ?

Annotations:
D:3 3 runed translucent doors, Golfball's ghost, amateur GrFE


Innate Abilities, Weirdness & Mutations

You cannot wear most types of armour.
You are very stealthy in the water. (Stealth+)
You are amphibious.
You can wear up to eight rings at the same time.
You can use your tentacles to constrict eight enemies at once.
Your skin changes colour to match your surroundings (Stealth+).
Your rubbery body absorbs attacks. (AC +1, EV +1)


Message History

The centaur shoots an arrow.
The arrow hits you.
You see here an arrow.
The centaur shoots an arrow.
The arrow barely misses you. Something completely misses you.
The centaur shoots an arrow.
The arrow hits you!
There is a stone staircase leading up, spattered with blood here.
You see here 2 arrows.
The centaur shoots an arrow.
The arrow completely misses you. Something hits you. Something shocks you.
The orc completely misses you.
You climb upwards.
Reactivating autopickup.
There is a stone staircase leading down here.
Deactivating autopickup; reactivate with Ctrl-A.
You barely miss something. Your squeeze misses something. Something hits you.
Something shocks you.
* * * LOW HITPOINT WARNING * * *
You sock something! The orc hits you with a +0 mace!
* * * LOW HITPOINT WARNING * * *
Something hits you.
You die...

#### #####...
############.......
#########...)........###...
#.......#.####.####### ###.
#.........#....# ##
#........#.o##.# #
#.........@....# ######
##§..######.#### #....)
##§§§§§###...# ###.....
##§§§§§§§##..## #.....).
###§.§.§§§§.##.# ####.#....#
#......(.§§§...######....#....#
#......_...§...#.......###....#
#..§.§..§§§§§....#............#
#.#§§...§§§§###..#.....#...####


You could see an orc.

Vanquished Creatures
  An ice beast (D:5)
  A centaur (D:6)
  A bullfrog (D:6)
  3 scorpions
  5 wights (D:6)
  A quasit (D:6)
  A bullfrog skeleton (D:6)
  An orc wizard (D:6)
  2 hounds
  A jelly (D:6)
  2 iguanas
  3 worker ants (D:5)
  Terence (D:1)
  A hound zombie (D:6)
  A hound skeleton (D:6)
  A worker ant zombie (D:5)
  3 gnolls (D:3)
  A howler monkey skeleton (D:6)
  7 adders
  4 white imps
  2 ufetubi
  2 worms
  A dart slug (D:2)
  4 leopard geckos
  10 orcs
  4 bats
  5 giant cockroaches
  6 goblins
  9 hobgoblins
  19 jackals
  4 kobolds
  A quokka (D:1)
  2 ball pythons (D:2)
  12 frilled lizards
  7 rats
129 creatures vanquished.

Vanquished Creatures (others)
  7 plants (D:1)
7 creatures vanquished.

Grand Total: 136 creatures vanquished

Notes
Turn   | Place    | Note
-------+----------+-------------------------------------------
     0 | D:1      | Zeld the Octopode Gladiator began the quest for the Orb.
     0 | D:1      | Reached XP level 1. HP: 14/14 MP: 1/1
    50 | D:2      | Noticed Terence
    52 | D:2      | Found a stormy altar of Qazlal.
    54 | D:3      | Noticed a scorpion
   140 | D:1      | Killed Terence
   141 | D:1      | Reached skill level 4 in Staves
   141 | D:1      | Reached XP level 2. HP: 2/19 MP: 2/2
   143 | D:1      | Reached XP level 3. HP: 3/24 MP: 3/3
  1520 | D:2      | Reached XP level 4. HP: 29/29 MP: 4/4
  1534 | D:2      | Found a blossoming altar of Fedhas.
  1733 | D:2      | Reached skill level 5 in Staves
  2008 | D:2      | Found a sparkling altar of Nemelex Xobeh.
  2009 | D:2      | Found a basalt altar of Yredelemnul.
  2009 | D:2      | Found a shimmering blue altar of Sif Muna.
  2352 | D:3      | Noticed Golfball's ghost (amateur GrFE)
  2368 | D:3      | Found a runed translucent gate.
  2373 | D:3      | Found a runed translucent gate.
  2374 | D:3      | Found a runed translucent gate.
  2532 | D:3      | Reached XP level 5. HP: 7/34 MP: 5/5
  2940 | D:3      | Found a shimmering altar of Xom.
  2958 | D:3      | Reached skill level 6 in Staves
  3470 | D:3      | Reached XP level 6. HP: 33/39 MP: 6/6
  3784 | D:4      | Found Gebyas Synt's Magic Scroll Emporium.
  3800 | D:4      | Bought a scroll of identify for 22 gold pieces
  3800 | D:4      | Bought a scroll of fear for 38 gold pieces
  4075 | D:4      | Reached skill level 7 in Staves
  4298 | D:4      | Found a burning altar of Makhleb.
  4701 | D:4      | Bought a scroll of remove curse for 33 gold pieces
  4701 | D:4      | Bought a scroll of identify for 22 gold pieces
  4733 | D:5      | Entered Level 5 of the Dungeon
  5049 | D:5      | Reached XP level 7. HP: 43/45 MP: 7/7
  5198 | D:5      | Reached skill level 8 in Staves
  5500 | D:4      | Bought a scroll of amnesia for 38 gold pieces
  6401 | D:5      | Found a staircase to the Ecumenical Temple.
  6419 | Temple   | Entered the Ecumenical Temple
  6628 | Temple   | Became a worshipper of Warmaster Okawaru
  7281 | D:6      | Reached skill level 9 in Staves
  7357 | D:6      | Found an opulent altar of Gozag.
  7642 | D:6      | Found a shadowy altar of Dithmenos.
  7817 | D:6      | Reached XP level 8. HP: 6/50 MP: 8/8
  8609 | D:6      | Reached skill level 10 in Staves
  9065 | D:6      | HP: 2/50 [orc/+0 mace (8)]
  9065 | D:6      | Slain by a sky beast

Illustrated notes

Levels and vault maps discovered:
D:1:      dpeg_arrival_arbitrary_b, layout_basic, hex_large, kennysheep_doodads,
          corexii_leaking_fountain, minmay_liquid_box, minmay_lizard_king
D:2:      layout_basic, chequers_temple_overflow_statue_of_worship,
          fedhas_altar_2, uniq_terence
D:3:      layout_rooms, general_overflow_altar, gammafunk_ghost_split,
          serial_park_tiny_1
D:4:      layout_basic, bloody_makhleb, serial_shops, shop
D:5:      layout_cave_pools, minmay_temple_entry_butterflies
D:6:      layout_rooms, nicolae_dithmenos_the_darkroom, grunt_gozag_breadcrumbs
D:7:      layout_cave_pods, serial_shops, nicolae_shop_crystal
Temple:   oiseaux_autumnal_temple

Skill      XL: |  1  2  3  4  5  6  7  8 |
---------------+-------------------------+-----
Staves         | 4 5 6 7 9 10 | 10.2
Fighting       | |  2.0
Throwing       | |  2.0
Dodging        | |  3.0

Action                   |  1- 3 |  4- 6 |  7- 9 || total
-------------------------+-------+-------+-------++-------
Melee: Quarterstaff      |    53 |   149 |   110 ||   312
       Constrict         |    17 |    38 |    20 ||    75
       Tentacles         |    10 |    21 |    21 ||    52
  Use: Scroll            |       |     5 |     2 ||     7
 Stab: Sleeping          |     3 |     8 |     1 ||    12
       Distracted        |       |     1 |     1 ||     2
Armor: Skin              |     2 |    14 |     4 ||    20
Dodge: Dodged            |    46 |    94 |    88 ||   228
